 Dungeon Crawl Stone Soup version 0.30-a0-918-g0ff054e9dc (webtiles) character file.

Game seed: 6017909095428579104

28 lessens the Cutter (level 3, -6/19 HPs)
             Began as a Vine Stalker Chaos Knight on Mar 21, 2023.
             Was a Plaything of Xom.
             Mangled by an entropy weaver (shapeshifter) (9 damage)
             ... on level 2 of the Dungeon.
             The game lasted 00:01:15 (774 turns).

lessens the Cutter (Vine Stalker Chaos Knight)       Turns: 774, Time: 00:01:16

Health: -6/19      AC:  7    Str: 14    XL:     3   Next: 12%
Magic:  0/4        EV: 11    Int: 12    God:    Xom [..*...]
Gold:   60         SH:  0    Dex: 15    Spells: 2/2 levels left

rFire   . . .      SeeInvis .    a - +0 short sword (chaos)
rCold   . . .      Faith    .    (no shield)
rNeg    . . .      Spirit   +    b - +2 leather armour
rPois   .          Reflect  .    (no helmet)
rElec   .          Rampage  .    (no cloak)
rCorr   .                        d - +0 pair of gloves
Will    .....                    j - +0 pair of boots
Stlth   +                        (no amulet)
HPRegen 0.23/turn                (no ring)
MPRegen 0.09/turn                (no ring)

@: about to teleport
A: fangs 2, magic shield, antimagic bite, no potion heal 2
a: Renounce Religion


You were on level 2 of the Dungeon.
You worshipped Xom.
You were a toy of Xom.
You visited 1 branch of the dungeon, and saw 2 of its levels.

You collected 60 gold pieces.

Inventory:

Hand Weapons
 a - a +0 short sword of chaos (weapon)
Missiles
 i - 5 stones
Armour
 b - a +2 leather armour (worn)
 d - a +0 pair of gloves (worn)
 j - a +0 pair of boots (worn)
Scrolls
 n - a scroll of identify {unknown}
Potions
 e - a potion of heal wounds {unknown}
 h - a potion of attraction {unknown}
 k - a potion of magic {unknown}
 l - a potion of degeneration {unknown}
 m - a potion of lignification {unknown}
 o - a potion of brilliance {unknown}
Miscellaneous
 c - a piece from Xom's chessboard (15/15) (quivered)


   Skills:
 - Level 2.6 Fighting
 + Level 3.8 Short Blades
 - Level 1.5 Armour
 - Level 0.7 Dodging


You had 2 spell levels left.
You didn't know any spells.
Your spell library was empty.

Dungeon Overview and Level Annotations

Branches:
Dungeon (2/15) Zot: 11240

Altars:


Innate Abilities, Weirdness & Mutations

You have extremely sharp teeth.
When hurt, damage is shared between your health and your magic reserves.
Your bite disrupts and absorbs the magic of your enemies.
Potions cannot restore your health.


Message History

There is a stone staircase leading up here.
A worm is nearby!
A worm is nearby!
A worm is nearby!
The helpless worm fails to defend itself.
You puncture the worm!
The worm is poisoned.
The worm is heavily wounded.
You barely miss the worm. You bite the worm, but do no damage.
The worm is heavily wounded.
You hit the worm but do no damage.
The worm looks as sick as possible!
The worm is severely wounded.
The worm bites you.
You barely miss the worm.
The worm is severely wounded.
You barely miss the worm.
The worm is severely wounded.
The worm bites you!
You hit the worm but do no damage. You bite the worm. You drain its power.
You feel invigorated.
The worm is almost dead.
The worm bites you!
You are too injured to fight recklessly!
You are too injured to fight recklessly!
You hit the worm.
The worm changes into a shapeshifter!
Your bite misses the shapeshifter.
The shapeshifter is moderately wounded.
The shapeshifter changes into an entropy weaver!
Okay, then.
Okay, then.
As you read the scroll labelled INUGE DEG HALU, it crumbles to dust.
The scroll dissolves into smoke.
It was a scroll of fog.
The entropy weaver hits you but does no damage.
The entropy weaver closely misses you. The entropy weaver barely misses you.
The entropy weaver hits you.
* * * LOW HITPOINT WARNING * * *
As you read the scroll labelled ESAFUC ZAUBOTA, it crumbles to dust.
You feel strangely unstable.
It was a scroll of teleportation.
The entropy weaver hits you!
You die...
Xom chortles!

#.......#
.......#
.......
#.....#
##.....##
#.§§§§..#
#.§§§§..#
#.§@§§..#
##B§§§.##
##..§##
#####


You could see an entropy weaver shaped shifter.

Vanquished Creatures
  An endoplasm (D:1)
  4 hobgoblins (D:1)
  2 jackals (D:1)
  6 kobolds (D:1)
  2 ball pythons (D:1)
  A bat (D:1)
  2 frilled lizards (D:1)
  3 goblins (D:1)
  4 rats (D:1)
25 creatures vanquished.

Notes
Turn   | Place    | Note
-------+----------+-------------------------------------------
     0 | D:1      | lessens the Vine Stalker Chaos Knight began the quest for
                  | the Orb.
     0 | D:1      | Reached XP level 1. HP: 11/11 MP: 2/2
   137 | D:1      | XOM: smoke on damage
   143 | D:1      | Reached skill level 3 in Short Blades
   210 | D:1      | Reached XP level 2. HP: 16/16 MP: 3/3
   409 | D:1      | XOM: divination: detect items
   505 | D:1      | Reached XP level 3. HP: 14/19 MP: 2/4
   772 | D:2      | a worm changed into a shapeshifter
   772 | D:2      | Noticed a shapeshifter (shapeshifter)
   772 | D:2      | a shapeshifter changed into an entropy weaver
   772 | D:2      | Noticed an entropy weaver (shapeshifter)
   774 | D:2      | Mangled by an entropy weaver (shapeshifter)

Illustrated notes

Levels and vault maps discovered:
D:1:      saegor_arrival_simple_c, layout_basic
D:2:      layout_rooms, uniq_jessica

Skill      XL: |  1 |
---------------+----+-----
Short Blades   | 3 |  3.8
Fighting       | |  2.6
Armour         | |  1.5
Dodging        | |  0.7

Action                     || total
---------------------------++-------
  Melee: Short sword       ||    86
         Bite              ||    26
         Punch             ||     1
    Use: Scroll            ||     2
   Stab: Sleeping          ||     1
 Armour: Leather armour    ||    30
  Dodge: Dodged            ||    45

Table legend: (Time is in decaauts)
 A = Elapsed time spent in this place.
 B = Non-inter-level travel time spent in this place.
 C = Inter-level travel time spent in this place.
 D = Time resting spent in this place.
 E = Time spent auto-exploring this place.
 F = Levels seen in this place.
 G = Mean time per level.
                   A        B        C        D        E       F      G
               +--------+--------+--------+--------+--------+-----+--------+
         Total |    759 |    733 |     26 |      0 |    561 |   2 |  379.5 |
       Dungeon |    759 |    733 |     26 |      0 |    561 |   2 |  379.5 |
               +--------+--------+--------+--------+--------+-----+--------+

Top non-repeatable levels by time:
     D:1: 751 daAuts
     D:2: 7 daAuts
